[Event "Skalica Rapid 2020"]
[Site "Skalica"]
[Date "2020.08.29"]
[Round "3.14"]
[White "Stos Radek"]
[Black "Kubat, Pavel"]
[Result "0-1"]
[ECO "C41"]
[WhiteElo "1790"]
[BlackElo "2066"]
[Annotator "ChessBase"]
[PlyCount "72"]
[EventDate "2020.08.29"]
[EventType "swiss"]
[EventCountry "SVK"]
[SourceTitle "playchess.com"]
[Source "ChessBase"]
[SourceQuality "1"]
[TimeControl "600+5"]

1. e4 d6 2. Nf3 Nf6 3. Nc3 Nbd7 4. d4 e5 5. dxe5 dxe5 6. Bg5 Be7 7. Bc4 O-O 8. O-O c6 9. h3 b5 10. Bb3 b4 11. Ne2 Nxe4 12. Bxe7 Qxe7 13. Ng3 Nxg3 14. fxg3 Nc5 15. Bc4 Ne4 16. Kh2 Nd6 17. Bb3 Be6 18. Bxe6 Qxe6 19. Qe2 f6 20. b3 Nb5 21. Rad1 Nc3 22. Qe3 Nxd1 23. Rxd1 Qe7 24. Nd4 Qc5 25. Nf5 Qxe3 26. Nxe3 Rfd8 27. Rc1 Rd2 28. c3 Rd3 29. Nf5 bxc3 30. Ne7+ Kf7 31. Nxc6 a5 32. b4 axb4 33. Nxb4 Re3 34. Rc2 Ra3 35. Nd5 Rd3 36. g4 Rxd5 0-1

[Event "Skalica Rapid 2020"]
[Site "Skalica"]
[Date "2020.08.29"]
[Round "3.15"]
[White "Sarmir Milos"]
[Black "Nemsak Denis"]
[Result "1-0"]
[ECO "B04"]
[WhiteElo "2059"]
[BlackElo "1869"]
[Annotator "ChessBase"]
[PlyCount "33"]
[EventDate "2020.08.29"]
[EventType "swiss"]
[EventCountry "SVK"]
[SourceTitle "playchess.com"]
[Source "ChessBase"]
[SourceQuality "1"]
[TimeControl "600+5"]

1. e4 d5 2. exd5 Nf6 3. Nf3 Nxd5 4. d4 g6 5. c3 Bg7 6. Be2 O-O 7. O-O Nd7 8. c4 N5b6 9. Nc3 c5 10. d5 Ne5 11. Nxe5 Bxe5 12. Bh6 Re8 13. Qc2 e6 14. Rad1 Qh4 15. f4 Bd4+ 16. Rxd4 cxd4 17. Bg5 1-0

[Event "Skalica Rapid 2020"]
[Site "Skalica"]
[Date "2020.08.29"]
[Round "3.16"]
[White "Jablonicky, Frantisek"]
[Black "Sevcikova Lucia"]
[Result "1-0"]
[ECO "A03"]
[WhiteElo "2038"]
[BlackElo "1801"]
[Annotator "ChessBase"]
[PlyCount "37"]
[EventDate "2020.08.29"]
[EventType "swiss"]
[EventCountry "SVK"]
[SourceTitle "playchess.com"]
[Source "ChessBase"]
[SourceQuality "1"]
[TimeControl "600+5"]

1. g3 d5 2. f4 c5 3. Nf3 Nc6 4. Bg2 Bf5 5. O-O Nf6 6. d3 e6 7. Qe1 Be7 8. c3 Qb6 9. Kh1 h5 10. Nbd2 Bg6 11. h3 O-O-O 12. e4 Rhe8 13. Ne5 dxe4 14. dxe4 Bd6 15. Nxg6 fxg6 16. e5 Be7 17. exf6 Bxf6 18. Qe4 e5 19. Qxg6 1-0

[Event "Skalica Rapid 2020"]
[Site "Skalica"]
[Date "2020.08.29"]
[Round "3.17"]
[White "Kaplan, Milan"]
[Black "O`gorman Tom"]
[Result "0-1"]
[ECO "E90"]
[WhiteElo "1762"]
[BlackElo "2027"]
[Annotator "ChessBase"]
[PlyCount "62"]
[EventDate "2020.08.29"]
[EventType "swiss"]
[EventCountry "SVK"]
[SourceTitle "playchess.com"]
[Source "ChessBase"]
[SourceQuality "1"]
[TimeControl "600+5"]

1. e4 c5 2. Nf3 d6 3. d4 cxd4 4. Nxd4 Nf6 5. Bd3 Nc6 6. Nxc6 bxc6 7. c4 g6 8. O-O Bg7 9. Nc3 O-O 10. h3 Nd7 11. Be3 Rb8 12. Qd2 c5 13. Rab1 Ne5 14. Be2 Nc6 15. f4 Nd4 16. Bg4 Be6 17. Nd5 Bxd5 18. cxd5 Qb6 19. b3 Qb4 20. Qxb4 Rxb4 21. f5 a5 22. fxg6 hxg6 23. Bf3 Ra8 24. Bd2 Rb7 25. Bc3 a4 26. bxa4 Rxb1 27. Rxb1 Nxf3+ 28. gxf3 Bxc3 29. Rb3 Bd4+ 30. Kg2 Rxa4 31. a3 c4 0-1

[Event "Skalica Rapid 2020"]
[Site "Skalica"]
[Date "2020.08.29"]
[Round "3.18"]
[White "Havelka, Ondrej"]
[Black "Gzib, David"]
[Result "1/2-1/2"]
[ECO "D85"]
[WhiteElo "1997"]
[BlackElo "1770"]
[Annotator "ChessBase"]
[PlyCount "121"]
[EventDate "2020.08.29"]
[EventType "swiss"]
[EventCountry "SVK"]
[SourceTitle "playchess.com"]
[Source "ChessBase"]
[SourceQuality "1"]
[TimeControl "600+5"]

1. d4 Nf6 2. c4 g6 3. Nc3 d5 4. cxd5 Nxd5 5. e4 Nxc3 6. bxc3 Bg7 7. Qa4+ Bd7 8. Qa3 O-O 9. Nf3 c5 10. Qxc5 Nc6 11. Be2 Rc8 12. Qa3 Qa5 13. O-O e6 14. Rb1 b6 15. Qxa5 Nxa5 16. Ba3 Rfd8 17. Be7 Re8 18. Bb4 Nc4 19. Bxc4 Rxc4 20. Nd2 Rc7 21. Rbc1 Rec8 22. Nb1 Ba4 23. f4 Bxd4+ 24. Kh1 a5 25. Bd6 Rc6 26. e5 Bxc3 27. Nxc3 Rxc3 28. Rb1 b5 29. h3 b4 30. Rf2 Rc2 31. Rb2 Rxb2 32. Rxb2 Rc2 33. Rxc2 Bxc2 34. Kg1 Bb1 35. Bc7 a4 36. Bd6 b3 37. axb3 axb3 38. Ba3 Be4 39. Kf2 Kg7 40. g4 g5 41. fxg5 Kg6 42. h4 Bc2 43. Kg3 Bd1 44. Kf4 h5 45. gxh6 Kxh6 46. Bc1 Kg6 47. h5+ Kh7 48. Kg5 Kg7 49. h6+ Kh7 50. Kh4 Kg6 51. g5 Bc2 52. Kg4 Bf5+ 53. Kf4 Kh7 54. Ke3 Bg6 55. Kd4 Bh5 56. Kc3 Bd1 57. Kb4 Bc2 58. Kc5 Bg6 59. Kd6 Bh5 60. Ke7 Bg6 61. Kf8 1/2-1/2

[Event "Skalica Rapid 2020"]
[Site "Skalica"]
[Date "2020.08.29"]
[Round "4.1"]
[White "Petran, Peter"]
[Black "Basso, Pier Luigi"]
[Result "0-1"]
[ECO "A07"]
[WhiteElo "2219"]
[BlackElo "2443"]
[Annotator "ChessBase"]
[PlyCount "80"]
[EventDate "2020.08.29"]
[EventType "swiss"]
[EventCountry "SVK"]
[SourceTitle "playchess.com"]
[Source "ChessBase"]
[SourceQuality "1"]
[TimeControl "600+5"]

1. g3 d5 2. Nf3 c6 3. Bg2 Bg4 4. d3 e6 5. Nbd2 Bd6 6. b3 Ne7 7. Bb2 O-O 8. O-O Nd7 9. e4 Ne5 10. Qe1 Nxf3+ 11. Nxf3 a5 12. a3 Qd7 13. Ne5 Bxe5 14. Bxe5 f6 15. Bb2 e5 16. f4 exf4 17. Rxf4 Bh3 18. Bh1 Ng6 19. Rf2 dxe4 20. Bxe4 f5 21. Bg2 Bxg2 22. Rxg2 a4 23. b4 Rae8 24. Re2 f4 25. Re4 f3 26. Qf2 Rxe4 27. dxe4 Qg4 28. Re1 Nf4 29. Kh1 Nh3 30. Qe3 Rd8 31. Rf1 Rf8 32. e5 Ng5 33. e6 Nxe6 34. Kg1 h5 35. Qe5 h4 36. Kf2 Qg6 37. Rc1 Ng5 38. Kf1 Ne4 39. Re1 Re8 40. Qf4 hxg3 0-1

[Event "Skalica Rapid 2020"]
[Site "Skalica"]
[Date "2020.08.29"]
[Round "4.1"]
[White "Bombek, Peter"]
[Black "Tupy, Bystrik"]
[Result "1-0"]
[ECO "D10"]
[WhiteElo "2090"]
[BlackElo "1702"]
[Annotator "ChessBase"]
[PlyCount "95"]
[EventDate "2020.08.29"]
[EventType "swiss"]
[EventCountry "SVK"]
[SourceTitle "playchess.com"]
[Source "ChessBase"]
[SourceQuality "1"]
[TimeControl "600+5"]

1. d4 d5 2. c4 c6 3. Nc3 Nf6 4. Bg5 Bf5 5. Bxf6 exf6 6. cxd5 cxd5 7. Qb3 Qd7 8. Qxd5 Be6 9. Qxd7+ Nxd7 10. e3 Bb4 11. Bb5 a6 12. Ba4 b5 13. Bb3 O-O 14. Nge2 Rac8 15. O-O Bc4 16. Rfc1 f5 17. Bxc4 Rxc4 18. Nd5 Ba5 19. Ne7+ Kh8 20. Nxf5 Rfc8 21. Nd6 Rxc1+ 22. Rxc1 Rxc1+ 23. Nxc1 f6 24. Nb3 Bc7 25. Nc5 Bxd6 26. Nxd7 Kg8 27. a3 Kf7 28. b4 Ke6 29. Nc5+ Bxc5 30. dxc5 Kd5 31. Kf1 a5 32. Ke2 f5 33. Kd3 g5 34. f3 h5 35. e4+ fxe4+ 36. fxe4+ Kc6 37. Kd4 axb4 38. axb4 g4 39. g3 Kd7 40. Ke5 Ke7 41. Kd5 Kd7 42. e5 Ke7 43. c6 Kd8 44. Kd6 Kc8 45. e6 Kd8 46. e7+ Ke8 47. Ke6 h4 48. c7 1-0

[Event "Skalica Rapid 2020"]
[Site "Skalica"]
[Date "2020.08.29"]
[Round "4.2"]
[White "Pechac, Jergus"]
[Black "Yankelevich, Lev"]
[Result "0-1"]
[ECO "E99"]
[WhiteElo "2430"]
[BlackElo "2388"]
[Annotator "ChessBase"]
[PlyCount "102"]
[EventDate "2020.08.29"]
[EventType "swiss"]
[EventCountry "SVK"]
[SourceTitle "playchess.com"]
[Source "ChessBase"]
[SourceQuality "1"]
[TimeControl "600+5"]

1. d4 Nf6 2. c4 g6 3. Nc3 Bg7 4. e4 d6 5. Be2 O-O 6. Nf3 e5 7. O-O Nc6 8. d5 Ne7 9. Ne1 Nd7 10. Be3 f5 11. f3 f4 12. Bf2 g5 13. Rc1 Ng6 14. c5 Nxc5 15. b4 Na6 16. Nd3 Rf7 17. Nb5 b6 18. Be1 Bf6 19. Nf2 Qf8 20. Qa4 Qe8 21. Bd2 Bd8 22. g4 Nb8 23. Qb3 a6 24. Nxd6 cxd6 25. Rxc8 Rc7 26. Rxc7 Bxc7 27. Rc1 Bd8 28. a4 Ra7 29. b5 a5 30. Rc8 Nd7 31. Nd3 Ne7 32. Rc6 Bc7 33. Bc1 Kg7 34. Rc4 h5 35. Ba3 hxg4 36. Rxc7 Rxc7 37. Bxd6 gxf3 38. Bxf3 g4 39. Bxc7 gxf3 40. Nxe5 Ng6 41. Nxf3 Qxe4 42. Qc3+ Kh6 43. Bd8 Nc5 44. Ng5 Qb1+ 45. Kg2 Nd3 46. Nf3 Qa2+ 47. Qd2 Qxd5 48. Bg5+ Kh7 49. h4 Qe4 50. Qd1 Nge5 51. Qf1 Nxf3 0-1

[Event "Skalica Rapid 2020"]
[Site "Skalica"]
[Date "2020.08.29"]
[Round "4.2"]
[White "Beres, Dominik"]
[Black "Pekar, Matus"]
[Result "0-1"]
[ECO "B00"]
[WhiteElo "1988"]
[BlackElo "1575"]
[Annotator "ChessBase"]
[PlyCount "112"]
[EventDate "2020.08.29"]
[EventType "swiss"]
[EventCountry "SVK"]
[SourceTitle "playchess.com"]
[Source "ChessBase"]
[SourceQuality "1"]
[TimeControl "600+5"]

1. e4 d6 2. d4 Nf6 3. Bd3 g6 4. Ne2 Bg7 5. O-O a6 6. e5 dxe5 7. dxe5 Nd5 8. Be4 c6 9. c4 Nb6 10. Qb3 Bxe5 11. Bh6 Be6 12. Nd2 Qc7 13. f4 Bf6 14. f5 gxf5 15. Bxf5 Bxf5 16. Rxf5 N8d7 17. Ne4 Rg8 18. Nxf6+ Nxf6 19. Bf4 Qd7 20. Rxf6 exf6 21. Qxb6 Qg4 22. Qf2 Rd8 23. Re1 h5 24. Bc7 Rd7 25. Bg3 Re7 26. Nf4 Rxe1+ 27. Qxe1+ Kf8 28. Qe2 Qf5 29. Nd3 Rg4 30. Bd6+ Kg8 31. c5 Re4 32. Qf1 Qe6 33. b3 Qd5 34. Nf2 Qd4 35. Kh1 Re3 36. h3 Qd5 37. Nd1 Re6 38. Nc3 Qd2 39. Qf3 Re3 40. Qxf6 Qxc3 41. Qg5+ Kh7 42. Qxh5+ Kg7 43. Qg5+ Kh7 44. Bf4 Re6 45. Qf5+ Kg8 46. Kh2 Rg6 47. g4 Qb2+ 48. Kg3 Qf6 49. Qc8+ Kh7 50. Qxb7 Qc3+ 51. Kh4 Qe1+ 52. Bg3 Qe6 53. Bf4 Qe1+ 54. Kh5 Qe6 55. g5 Qf5 56. Qc7 Rh6# 0-1

[Event "Skalica Rapid 2020"]
[Site "Skalica"]
[Date "2020.08.29"]
[Round "4.3"]
[White "Pacher Milan"]
[Black "Samoun Florent"]
[Result "1-0"]
[ECO "B04"]
[WhiteElo "2452"]
[BlackElo "2228"]
[Annotator "ChessBase"]
[PlyCount "45"]
[EventDate "2020.08.29"]
[EventType "swiss"]
[EventCountry "SVK"]
[SourceTitle "playchess.com"]
[Source "ChessBase"]
[SourceQuality "1"]
[TimeControl "600+5"]

1. e4 Nf6 2. e5 Nd5 3. d4 d6 4. Nf3 Nb6 5. Bd3 g6 6. O-O Bg7 7. h3 O-O 8. Qe2 Nc6 9. c3 Bd7 10. Bf4 Qc8 11. Nbd2 Bf5 12. Rfe1 Bxd3 13. Qxd3 dxe5 14. Nxe5 Nxe5 15. Bxe5 e6 16. Ne4 Nd7 17. Bxg7 Kxg7 18. d5 e5 19. Rad1 h6 20. d6 cxd6 21. Qxd6 Rd8 22. Qe7 a5 23. Nd6 1-0

[Event "Skalica Rapid 2020"]
[Site "Skalica"]
[Date "2020.08.29"]
[Round "4.3"]
[White "Tupy, Emil"]
[Black "Sobek, Michal"]
[Result "0-1"]
[ECO "A48"]
[WhiteElo "1538"]
[BlackElo "2113"]
[Annotator "ChessBase"]
[PlyCount "66"]
[EventDate "2020.08.29"]
[EventType "swiss"]
[EventCountry "SVK"]
[SourceTitle "playchess.com"]
[Source "ChessBase"]
[SourceQuality "1"]
[TimeControl "600+5"]

1. Nf3 Nf6 2. d4 g6 3. Bf4 d6 4. Nc3 Nbd7 5. g3 c5 6. d5 Bg7 7. Bg2 O-O 8. O-O b5 9. Nxb5 Qb6 10. a4 a6 11. Nc3 Qxb2 12. Qd2 Nh5 13. Ne4 Nxf4 14. gxf4 Rb8 15. Rad1 Qb4 16. Qxb4 Rxb4 17. c3 Rxe4 18. Ng5 Rxa4 19. Rd3 a5 20. h4 Ba6 21. Re3 Bf6 22. Rb1 Rxf4 23. Nf3 Rb8 24. Rxb8+ Nxb8 25. Kh2 Nd7 26. Kg3 Rc4 27. Nd2 Rxc3 28. Rxc3 Bxc3 29. Ne4 Be5+ 30. Kf3 Nf6 31. Nxf6+ Bxf6 32. Ke3 a4 33. Kd2 a3 0-1

[Event "Skalica Rapid 2020"]
[Site "Skalica"]
[Date "2020.08.29"]
[Round "4.4"]
[White "Manik Mikulas"]
[Black "Matejovic Juraj"]
[Result "1/2-1/2"]
[ECO "B30"]
[WhiteElo "2313"]
[BlackElo "2219"]
[Annotator "ChessBase"]
[PlyCount "29"]
[EventDate "2020.08.29"]
[EventType "swiss"]
[EventCountry "SVK"]
[SourceTitle "playchess.com"]
[Source "ChessBase"]
[SourceQuality "1"]
[TimeControl "600+5"]

1. e4 c5 2. Nf3 e6 3. Nc3 Nc6 4. Bb5 Nge7 5. O-O a6 6. Bxc6 Nxc6 7. d4 cxd4 8. Nxd4 Be7 9. Nxc6 bxc6 10. Qg4 O-O 11. e5 f6 12. Bh6 Rf7 13. exf6 Bxf6 14. Ne4 d5 15. Nxf6+ 1/2-1/2

[Event "Skalica Rapid 2020"]
[Site "Skalica"]
[Date "2020.08.29"]
[Round "4.4"]
[White "Romanova, Ela"]
[Black "Chlpek, Daniel"]
[Result "1/2-1/2"]
[ECO "B51"]
[WhiteElo "1529"]
[BlackElo "1879"]
[Annotator "NA"]
[PlyCount "108"]
[EventDate "2020.08.29"]
[EventType "swiss"]
[EventCountry "SVK"]
[SourceTitle "playchess.com"]
[Source "ChessBase"]
[SourceQuality "1"]
[TimeControl "600+5"]

1. e4 c5 2. Nf3 d6 3. Bb5+ Nd7 4. c3 Ngf6 5. Qe2 a6 6. Bxd7+ Nxd7 7. d4 cxd4 8. cxd4 g6 9. Nc3 Bg7 10. O-O O-O 11. Be3 Nb6 12. Nd2 Bd7 13. f4 d5 14. f5 dxe4 15. fxg6 hxg6 16. Ncxe4 Nd5 17. Bf2 Bb5 18. Nc4 Nf4 19. Qc2 Rc8 20. b3 Ne6 21. Rad1 Bc6 22. Qd3 Qd5 23. Rfe1 b5 24. Nb6 Qf5 25. Nxc8 Rxc8 26. Nc5 Nxc5 27. Qxf5 gxf5 28. dxc5 e6 29. Rd3 Kf8 30. Red1 Ke7 31. b4 Bd5 32. a3 Rg8 33. Bg3 Bf6 34. Kf1 f4 35. Bxf4 Bxg2+ 36. Kf2 Bd5 37. Rxd5 exd5 38. Rxd5 Rg4 39. Bg3 Rc4 40. Bd6+ Ke6 41. Rd3 Be5 42. Bxe5 Kxe5 43. Rd6 a5 44. Rb6 axb4 45. Rxb5 bxa3 46. Ra5 Rc2+ 47. Kg3 a2 48. h4 Kd4 49. h5 Rxc5 50. Rxa2 Rxh5 51. Rf2 Rh7 52. Kg4 Ke5 53. Kg5 Rg7+ 54. Kh6 Rg3 1/2-1/2

[Event "Skalica Rapid 2020"]
[Site "Skalica"]
[Date "2020.08.29"]
[Round "4.5"]
[White "Abel, Peter"]
[Black "Jurakic Lukas"]
[Result "1-0"]
[ECO "A28"]
[WhiteElo "2200"]
[BlackElo "1918"]
[Annotator "ChessBase"]
[PlyCount "95"]
[EventDate "2020.08.29"]
[EventType "swiss"]
[EventCountry "SVK"]
[SourceTitle "playchess.com"]
[Source "ChessBase"]
[SourceQuality "1"]
[TimeControl "600+5"]

1. c4 e5 2. Nc3 Nf6 3. Nf3 Nc6 4. e3 Bb4 5. Qc2 Bxc3 6. Qxc3 Qe7 7. b3 d5 8. d3 e4 9. Nd4 Nxd4 10. Qxd4 c5 11. Qc3 d4 12. exd4 exd3+ 13. Be3 cxd4 14. Qxd4 Bf5 15. O-O-O Qa3+ 16. Kb1 d2+ 17. Bd3 Bxd3+ 18. Qxd3 Rd8 19. Qc2 O-O 20. Rxd2 Rxd2 21. Qxd2 Ne4 22. Qd4 Re8 23. Rd1 b6 24. Bc1 Qc5 25. Qxc5 bxc5 26. Rf1 f5 27. Kc2 Nf6 28. Be3 Re5 29. h3 Kf7 30. Rd1 h6 31. Rd6 g5 32. g3 Kg6 33. Kd3 Kf7 34. Ra6 Re7 35. Bxc5 Rd7+ 36. Ke2 Ne4 37. Be3 Nc3+ 38. Kf3 Rd3 39. b4 Ne4 40. c5 h5 41. b5 g4+ 42. hxg4 hxg4+ 43. Kf4 Nxf2 44. Rxa7+ Ke6 45. Ra6+ Kf7 46. Bxf2 Rf3+ 47. Kg5 f4 48. Kxg4 1-0

[Event "Skalica Rapid 2020"]
[Site "Skalica"]
[Date "2020.08.29"]
[Round "4.6"]
[White "O`gorman Tom"]
[Black "Jablonicky, Martin"]
[Result "1/2-1/2"]
[ECO "B38"]
[WhiteElo "2027"]
[BlackElo "2290"]
[Annotator "ChessBase"]
[PlyCount "117"]
[EventDate "2020.08.29"]
[EventType "swiss"]
[EventCountry "SVK"]
[SourceTitle "playchess.com"]
[Source "ChessBase"]
[SourceQuality "1"]
[TimeControl "600+5"]

1. e4 c5 2. Nf3 Nc6 3. d4 cxd4 4. Nxd4 g6 5. c4 Bg7 6. Be3 Nf6 7. Nc3 d6 8. Be2 O-O 9. O-O Bd7 10. h3 Rc8 11. Rc1 a6 12. Nf3 Qa5 13. a3 b5 14. c5 Rfd8 15. cxd6 exd6 16. Qd2 Be6 17. Bg5 Ne5 18. Rfd1 Bb3 19. Re1 Bc4 20. Nxe5 dxe5 21. Qe3 Rd4 22. Bxc4 Rdxc4 23. Bxf6 Bxf6 24. Nd5 Bd8 25. Rxc4 bxc4 26. Rc1 Kg7 27. Qc3 Qxc3 28. Rxc3 Bg5 29. Nb6 Rd8 30. Nxc4 Rd1+ 31. Kh2 f5 32. g3 fxe4 33. h4 Bf6 34. Re3 Rd4 35. b3 Kf7 36. Rxe4 Rxe4 37. Nd6+ Ke6 38. Nxe4 Be7 39. Kg2 Kd5 40. Kf3 Bxa3 41. Nf6+ Kd4 42. Nxh7 Be7 43. Ng5 Kc3 44. Nf7 Kxb3 45. Nxe5 a5 46. Nxg6 Bb4 47. Ne5 a4 48. Nd3 a3 49. Ke2 Kc3 50. Nc1 Kc2 51. Na2 Ba5 52. f4 Kb2 53. Kd3 Be1 54. g4 Bxh4 55. g5 Kxa2 56. Kc2 Ka1 57. Kb3 a2 58. Kc2 Bxg5 59. fxg5 1/2-1/2

[Event "Skalica Rapid 2020"]
[Site "Skalica"]
[Date "2020.08.29"]
[Round "4.7"]
[White "Jancovic, Peter"]
[Black "Pniaczek, Marek"]
[Result "0-1"]
[ECO "D38"]
[WhiteElo "2271"]
[BlackElo "1969"]
[Annotator "ChessBase"]
[PlyCount "70"]
[EventDate "2020.08.29"]
[EventType "swiss"]
[EventCountry "SVK"]
[SourceTitle "playchess.com"]
[Source "ChessBase"]
[SourceQuality "1"]
[TimeControl "600+5"]

1. d4 Nf6 2. c4 e6 3. Nf3 d5 4. Nc3 Bb4 5. Bg5 h6 6. Bh4 g5 7. Bg3 Ne4 8. Qc2 h5 9. h3 Nxg3 10. fxg3 Qd6 11. O-O-O Bxc3 12. Qxc3 Qxg3 13. cxd5 exd5 14. Qe3+ Be6 15. Qxg5 Rg8 16. Qxg3 Rxg3 17. e3 Nd7 18. Rd2 Ke7 19. Bd3 Rag8 20. Rh2 Nf6 21. Rc2 c6 22. Kd2 Rxg2+ 23. Ke1 Rxh2 24. Rxh2 Rg3 25. Kf2 Rxh3 26. Rxh3 Bxh3 27. Kg3 Bg4 28. Ne5 Be6 29. Kh4 Ng4 30. Kxh5 Nxe3 31. Kh4 Bf5 32. Kg5 f6+ 33. Kf4 fxe5+ 34. Kxe3 Bxd3 35. Kxd3 exd4 0-1

[Event "Skalica Rapid 2020"]
[Site "Skalica"]
[Date "2020.08.29"]
[Round "4.7"]
[White "Meszaros, Casey Ryan"]
[Black "Stos, Radek"]
[Result "1-0"]
[ECO "B22"]
[WhiteElo "1478"]
[BlackElo "1790"]
[Annotator "NA"]
[PlyCount "107"]
[EventDate "2020.08.29"]
[EventType "swiss"]
[EventCountry "SVK"]
[SourceTitle "playchess.com"]
[Source "ChessBase"]
[SourceQuality "1"]
[TimeControl "600+5"]

1. e4 c5 2. c3 Nc6 3. d4 cxd4 4. cxd4 d6 5. Nf3 Nf6 6. Nc3 g6 7. Bd3 Bg7 8. O-O O-O 9. Bc2 Bg4 10. Be3 Rc8 11. h3 Bd7 12. a3 b6 13. d5 Na5 14. Bd3 Nh5 15. Bd4 Nf4 16. Bxg7 Kxg7 17. b4 Nc4 18. Bxc4 Rxc4 19. Qd2 Rxc3 20. Qxf4 e5 21. dxe6 Bxe6 22. Rfd1 Rc4 23. Rxd6 Qc7 24. Qe5+ Kg8 25. Nd4 Rc1+ 26. Rxc1 Qxc1+ 27. Kh2 Ba2 28. Nc6 f6 29. Ne7+ Kg7 30. Qg3 Qg5 31. Qxg5 fxg5 32. f3 Rf6 33. Rd7 Kf8 34. Rxa7 h5 35. Nd5 Rd6 36. Nc3 Bc4 37. Rc7 Bb3 38. Nb5 Re6 39. Nd4 Rf6 40. Nxb3 g4 41. hxg4 hxg4 42. Kg3 gxf3 43. gxf3 g5 44. Nd4 b5 45. Nxb5 Rb6 46. Nd4 Rd6 47. Nf5 Rf6 48. Kg4 Kg8 49. Kxg5 Rf8 50. Kg6 Kh8 51. a4 Rg8+ 52. Kh6 Rf8 53. Rh7+ Kg8 54. Ne7# 1-0

[Event "Skalica Rapid 2020"]
[Site "Skalica"]
[Date "2020.08.29"]
[Round "4.8"]
[White "Danada, Tomas"]
[Black "Beres, Tomas"]
[Result "0-1"]
[ECO "A03"]
[WhiteElo "2122"]
[BlackElo "1956"]
[Annotator "ChessBase"]
[PlyCount "54"]
[EventDate "2020.08.29"]
[EventType "swiss"]
[EventCountry "SVK"]
[SourceTitle "playchess.com"]
[Source "ChessBase"]
[SourceQuality "1"]
[TimeControl "600+5"]

1. f4 d5 2. Nf3 c5 3. g3 Nc6 4. Bg2 Nf6 5. O-O g6 6. d3 Bg7 7. c3 O-O 8. Na3 a6 9. Rb1 Qc7 10. Qe1 e5 11. e4 dxe4 12. dxe4 Be6 13. b3 b5 14. h3 exf4 15. gxf4 Nh5 16. Ng5 Bd7 17. e5 Bf5 18. Rb2 Rae8 19. Nc2 f6 20. Bd5+ Kh8 21. Nf3 fxe5 22. Qh4 e4 23. Bxc6 Qxc6 24. Ne5 Qe6 25. Be3 Bxh3 26. Rd1 Bf6 27. Qe1 Bxe5 0-1

[Event "Skalica Rapid 2020"]
[Site "Skalica"]
[Date "2020.08.29"]
[Round "4.8"]
[White "Bucek, Miroslav"]
[Black "Kaplan, Milan"]
[Result "1/2-1/2"]
[ECO "B33"]
[WhiteElo "1422"]
[BlackElo "1762"]
[Annotator "NA"]
[PlyCount "119"]
[EventDate "2020.08.29"]
[EventType "swiss"]
[EventCountry "SVK"]
[SourceTitle "playchess.com"]
[Source "ChessBase"]
[SourceQuality "1"]
[TimeControl "600+5"]

1. e4 c5 2. Nf3 Nc6 3. d4 cxd4 4. Nxd4 Nf6 5. Nc3 e5 6. Ndb5 d6 7. Bg5 a6 8. Na3 b5 9. Nd5 Be7 10. Bxf6 Bxf6 11. c3 Rb8 12. Nc2 Bg5 13. a4 bxa4 14. Rxa4 O-O 15. b4 a5 16. b5 Ne7 17. c4 Nxd5 18. exd5 Qb6 19. Bd3 f5 20. O-O e4 21. Be2 Bf6 22. Kh1 Be5 23. f4 exf3 24. Rxf3 f4 25. Rf1 Bf5 26. Bd3 Bxd3 27. Qxd3 Rf6 28. Qd2 Rh6 29. h3 Rf8 30. Rxa5 f3 31. Ra6 Qc5 32. Rc6 Qa7 33. b6 Qe7 34. Ne3 Qg5 35. Qf2 Bd4 36. Re1 fxg2+ 37. Qxg2 Bxe3 38. Qxg5 Bxg5 39. Kg2 Rhf6 40. Re2 Bh4 41. b7 Rg6+ 42. Kh2 Bg3+ 43. Kh1 Rf1+ 44. Kg2 Rb1 45. Rc8+ Kf7 46. Ree8 Rxb7 47. Rf8+ Ke7 48. Rce8+ Kd7 49. Rd8+ Kc7 50. Rc8+ Kb6 51. Rc6+ Ka5 52. Ra8+ Kb4 53. Kf3 h5 54. Rac8 h4 55. R8c7 Rxc7 56. Rxc7 Be5 57. Ke4 Rg3 58. Kf5 Rxh3 59. Rxg7 Bxg7 60. Ke4 1/2-1/2

[Event "Skalica Rapid 2020"]
[Site "Skalica"]
[Date "2020.08.29"]
[Round "4.9"]
[White "Valenta Vit"]
[Black "Cajka Tibor"]
[Result "0-1"]
[ECO "A00"]
[WhiteElo "1994"]
[BlackElo "2116"]
[Annotator "ChessBase"]
[PlyCount "72"]
[EventDate "2020.08.29"]
[EventType "swiss"]
[EventCountry "SVK"]
[SourceTitle "playchess.com"]
[Source "ChessBase"]
[SourceQuality "1"]
[TimeControl "600+5"]

1. b4 e6 2. Bb2 Nf6 3. a3 c5 4. b5 d5 5. Nf3 Be7 6. g3 O-O 7. Bg2 Bd7 8. a4 a6 9. c4 dxc4 10. Nc3 axb5 11. axb5 Rxa1 12. Qxa1 Nd5 13. Nxd5 exd5 14. Bxg7 Re8 15. O-O d4 16. Nxd4 cxd4 17. Bxd4 Bxb5 18. Bc3 Bc6 19. e4 Nd7 20. e5 Bxg2 21. Kxg2 Bf8 22. f4 b5 23. Qd1 Bg7 24. Qg4 h5 25. Qf5 Nc5 26. Rf3 Qd5 27. Qxh5 Ne4 28. Kh3 Nxd2 29. Bxd2 Qxd2 30. Qg4 Qd4 31. Qf5 c3 32. g4 Qc4 33. Rf2 b4 34. Qd7 Qc8 35. Qd3 b3 36. f5 c2 0-1

[Event "Skalica Rapid 2020"]
[Site "Skalica"]
[Date "2020.08.29"]
[Round "4.9"]
[White "Ihnat, Marek"]
[Black "Blaha, Tomas S"]
[Result "1-0"]
[ECO "B01"]
[WhiteElo "1738"]
[BlackElo "1089"]
[Annotator "NA"]
[PlyCount "63"]
[EventDate "2020.08.29"]
[EventType "swiss"]
[EventCountry "SVK"]
[SourceTitle "playchess.com"]
[Source "ChessBase"]
[SourceQuality "1"]
[TimeControl "600+5"]

1. e4 d5 2. exd5 Qxd5 3. Nc3 Qa5 4. d4 c6 5. Nf3 Nf6 6. Bd2 Qc7 7. Bc4 Bf5 8. Qe2 Nbd7 9. O-O-O O-O-O 10. Bxf7 e6 11. Bxe6 Bxe6 12. Qxe6 Bb4 13. Kb1 Rde8 14. Qc4 Bd6 15. Rhe1 Nb6 16. Qd3 Bxh2 17. g3 Ng4 18. Bf4 Qf7 19. Nxh2 Nxh2 20. Ne4 Nc4 21. Qxc4 Qxc4 22. Nd6+ Kd7 23. Nxc4 Rxe1 24. Rxe1 Nf3 25. Ne5+ Nxe5 26. Bxe5 Rg8 27. a3 Re8 28. Re3 g6 29. Rf3 h5 30. Rf7+ Kc8 31. Rc7+ Kb8 32. Re7+ 1-0

[Event "Skalica Rapid 2020"]
[Site "Skalica"]
[Date "2020.08.29"]
[Round "4.10"]
[White "Blaho, Stefan"]
[Black "Panko Radoslav"]
[Result "1/2-1/2"]
[ECO "A47"]
[WhiteElo "2090"]
[BlackElo "1913"]
[Annotator "ChessBase"]
[PlyCount "65"]
[EventDate "2020.08.29"]
[EventType "swiss"]
[EventCountry "SVK"]
[SourceTitle "playchess.com"]
[Source "ChessBase"]
[SourceQuality "1"]
[TimeControl "600+5"]

1. d4 e6 2. Bf4 Nf6 3. e3 b6 4. Nf3 Bb7 5. h3 h6 6. Nbd2 d6 7. c3 Nbd7 8. a4 a5 9. Be2 Qe7 10. O-O g5 11. Bh2 g4 12. hxg4 Nxg4 13. Bg3 h5 14. Bh4 f6 15. Ne1 Qg7 16. Bf3 d5 17. c4 f5 18. cxd5 exd5 19. Qc2 Bd6 20. Qxf5 Qf7 21. Qxf7+ Kxf7 22. Nc4 Bh2+ 23. Kh1 Rab8 24. Ne5+ Ndxe5 25. dxe5 Bxe5 26. Nd3 Bd6 27. Rac1 Ne5 28. Nxe5+ Bxe5 29. b3 Rbc8 30. Rfd1 Ke6 31. g3 Rcf8 32. Kg2 c5 33. Bg5 1/2-1/2